[Event "*** Titled Tuesday Blitz"]
[Site "Chess.com"]
[Date "2021.02.16"]
[Round "6"]
[White "federicosellitti"]
[Black "Cecile-Haussernot"]
[Result "1-0"]
[WhiteElo "2463"]
[BlackElo "2305"]
[TimeControl "180+1"]
[EndTime "11:08:51 PST"]
[Termination "federicosellitti won by resignation"]

1. e4 c5 2. Nc3 Nc6 3. g3 g6 4. Bg2 Bg7 5. d3 e6 6. Be3 d6 7. Qd2 Rb8 8. Nge2 b5 9. O-O b4 10. Nd1 h5 11. d4 cxd4 12. Nxd4 Nxd4 13. Bxd4 Nf6 14. Bxa7 Ra8 15. Bd4 O-O 16. Qxb4 Ba6 17.
Re1 Rb8 18. Qd2 e5 19. Bc3 Qb6 20. Ne3 Rfc8 21. Rad1 Rc6 22. h3 Bh6 23. Qc1 Qb7 24. a4 Nd7 25. Qa1 Nc5 26. Nd5 Ne6 27. b3 Rbc8 28.
Bf1 h4 29. Bxa6 Rxa6 30. Bd2 Bxd2 31. Rxd2 Ng5 32. Kg2 hxg3 33. fxg3 Ne6 34. Re3 Nd4 35. Rf2 Nxc2 36. Nf6+ Kg7 37. Qc1 Nxe3+ 38. Qxe3 d5 39. Qg5 Rh8 40. Qxe5 Re6 41. Ne8+ Kf8 42. Qxh8+ Ke7 43.
Rxf7+ Kxf7 44. Qh7+ Kxe8 45. Qxb7 Re5 46. Qxd5 Rxd5 47.
exd5 Kd7 48. Kf3 1-0

[Event "*** Titled Tuesday Blitz"]
[Site "Chess.com"]
[Date "2021.02.16"]
[Round "6"]
[White "Srisshhhtea"]
[Black "OlifantCZ"]
[Result "0-1"]
[WhiteElo "2430"]
[BlackElo "2313"]
[TimeControl "180+1"]
[EndTime "11:08:51 PST"]
[Termination "OlifantCZ won by checkmate"]

1. d4 Nf6 2. c4 g6 3. Nc3 Bg7 4. e4 O-O 5. Bd3 d6 6. Nge2 c5 7. d5 e6 8. O-O exd5 9. cxd5 Na6 10. Ng3 Nc7 11. a4 a6 12. Re1 Rb8 13. a5 b5 14.
axb6 Rxb6 15. h3 Bd7 16. Bf4 Bb5 17. Bc2 Nd7 18. Qc1 Re8 19. Bg5 Qb8 20. Bh6 Bh8 21. Nf5 Ne5 22. Qg5 f6 23. Qg3 Nc4 24. b3 Ne5 25. f4 Nf7 26. Rad1 Bd7 27. Qh4 Nb5 28. Nxb5 axb5 29. Ng3 c4 30. bxc4 bxc4 31. e5 dxe5 32. fxe5 Nxe5 33. Bf4 Rb2 34. Be4 Nd3 35. Bxb8 Nxe1 36.
Rxe1 Rexb8 37. d6 c3 38. Bd5+ Kg7 39. Qxh7+ Kxh7 40. Re7+ Kh6 41. Be4 c2 42. Ne2 Rb1+ 43.
Kh2 c1=Q 44. Nxc1 Rxc1 45. Rxd7 f5 46. Bf3 Be5+ 47. g3 Rb2+ 48. Bg2 Rcc2 49. h4 Rxg2+ 50. Kh1 Rh2+ 51. Kg1 Bd4+ 52. Kf1 Rh1# 0-1

[Event "*** Titled Tuesday Blitz"]
[Site "Chess.com"]
[Date "2021.02.16"]
[Round "6"]
[White "VFernandezB"]
[Black "Kretov_Evgenij"]
[Result "0-1"]
[WhiteElo "2432"]
[BlackElo "2622"]
[TimeControl "180+1"]
[EndTime "11:08:52 PST"]
[Termination "Kretov_Evgenij won on time"]

1. e4 c5 2. Nf3 Nc6 3. d4 cxd4 4.
Nxd4 g6 5. c4 Nf6 6. Nc3 d6 7. Be2 Nxd4 8. Qxd4 Bg7 9. Bg5 O-O 10.
O-O Be6 11. Qd2 Qa5 12. Rac1 Rfc8 13. b3 a6 14. f4 Rc5 15. Rfd1 Rxg5 16. fxg5 Nd7 17.
Nd5 Qc5+ 18. Kh1 Re8 19. b4 Qf2 20. Bf3 Qh4 21. g3 Qh3 22. Qg2 Ne5 23. Qxh3 Bxh3 24. Bg2 Bg4 25. Rd2 h6 26. Ne3 Be6 27. h4 hxg5 28.
hxg5 Rc8 29. c5 b6 30. Nd5 Bxd5 31. Rxd5 Bf8 32. Bf1 b5 33. Rcd1 e6 34. Rxe5 dxe5 35. Rd7 Rc6 36. Kg2 Bg7 37. Kf3 f5 38. gxf6 Bxf6 39.
Bh3 Bg5 40. Ra7 Kf8 41. Rb7 Ke8 42. Ke2 Bc1 43. Kd3 Ba3 44. Kc3 a5 45. Rxb5 Bxb4+ 46. Kc4 Ke7 47. a3 Bxa3 48. Rxa5 Bc1 49. Ra7+ Kd8 50.
Kb5 Rc7 51. c6 Rxa7 0-1

[Event "*** Titled Tuesday Blitz"]
[Site "Chess.com"]
[Date "2021.02.16"]
[Round "6"]
[White "adriangschnitzer"]
[Black "Szparu"]
[Result "0-1"]
[WhiteElo "2482"]
[BlackElo "2668"]
[TimeControl "180+1"]
[EndTime "11:08:53 PST"]
[Termination "Szparu won by checkmate"]

1. c4 e5 2. Nc3 Nf6 3. Nf3 Nc6 4.
e3 Bb4 5. Qc2 O-O 6. Nd5 Re8 7.
Qf5 d6 8. Nxf6+ Qxf6 9. Qxf6 gxf6 10. a3 Ba5 11. b4 Bb6 12. Bb2 a5 13. b5 Ne7 14. d4 Nf5 15. O-O-O c6 16. a4 Be6 17. d5 cxd5 18. cxd5 Bd7 19. Kb1 Ne7 20. Nd2 Bc5 21. Ne4 Bf5 22. Bd3 Bxe4 23. Bxe4 Nc8 24. g4 Nb6 25. Bc2 Nc4 26. Rhg1 Nxb2 27. Kxb2 h6 28. h4 Kf8 29. g5 fxg5 30. hxg5 hxg5 31. Rxg5 Ke7 32. Rh1 Rh8 33. Rgh5 Rhg8 34. Be4 Rg4 35. Bf3 Rxa4 36. Rh8 Rxh8 37. Rxh8 Rb4+ 38. Kc3 Rxb5 39. Bh5 a4 40. Rh7 a3 41. Rxf7+ Kd8 42. Rf8+ Kc7 43.
Ra8 Rb2 44. f4 exf4 45. exf4 Rf2 46. Rf8 b5 47. Kb3 Kb7 48. Be8 Rb2+ 49. Kc3 Bb4+ 50.
Kd3 a2 51. Bc6+ Kb6 52. Ra8 Rb3+ 53. Kd4 Ra3 54. Rb8+ Kc7 55. Rb7+ Kc8 56. Rxb5 a1=Q+ 57. Ke4 Qb1+ 58. Kd4 Qd3# 0-1

[Event "*** Titled Tuesday Blitz"]
[Site "Chess.com"]
[Date "2021.02.16"]
[Round "6"]
[White "Godzillator"]
[Black "MasterKroket"]
[Result "0-1"]
[WhiteElo "2276"]
[BlackElo "2507"]
[TimeControl "180+1"]
[EndTime "11:08:54 PST"]
[Termination "MasterKroket won by resignation"]

1. d4 Nf6 2. c4 e6 3. Nc3 Bb4 4. Qc2 d5 5. cxd5 exd5 6. Nf3 h6 7. a3 Bxc3+ 8. Qxc3 O-O 9. Bf4 c6 10. e3 Ne4 11.
Qc2 a5 12. Bd3 Nd6 13. O-O a4 14. b4 axb3 15. Qxb3 b5 16. a4 bxa4 17. Rxa4 Rxa4 18. Qxa4 Bf5 19. Bxf5 Nxf5 20. Bxb8 Qxb8 21. Qxc6 Qb3 22. Rc1 Rb8 23. h3 Kh7 24. Qc2 Qxc2 25. Rxc2 Rb1+ 26.
Kh2 Rf1 27. g4 Nd6 28. Kg2 Ra1 29. Nd2 Rd1 30. h4 f5 31. g5 hxg5 32. hxg5 Kg6 33. Nf3 Ne4 34. Ra2 Rb1 35. Rc2 Kh5 36. Rc8 Rb2 37.
Rh8+ Kg6 38. Ne5+ Kxg5 39. Rd8 Rxf2+ 40. Kg1 Re2 41. Rxd5 Rxe3 42. Rd7 Rg3+ 43. Kf1 Kf4 44. Ke2 Rg2+ 45. Kd3 g5 46. Ng6+ Kf3 47. Ne5+ Kf2 48.
Rf7 Rg3+ 49. Kc2 f4 50. d5 f3 51. Kd3 Nd6 52. Rf6 Ne8 53. Rf8 Kg2 54. Rxe8 f2+ 55.
Kd4 f1=Q 56. d6 Qd1+ 57. Kc5 Rc3+ 58. Nc4 Rxc4+ 59. Kxc4 Qa4+ 0-1

[Event "*** Titled Tuesday Blitz"]
[Site "Chess.com"]
[Date "2021.02.16"]
[Round "6"]
[White "Shuvalov"]
[Black "NTBT_DHS"]
[Result "1-0"]
[WhiteElo "2536"]
[BlackElo "2769"]
[TimeControl "180+1"]
[EndTime "11:08:55 PST"]
[Termination "Shuvalov won by resignation"]

1. Nf3 Nf6 2. c4 g6 3. Nc3 Bg7 4. e4 O-O 5. d4 d6 6. Be2 e5 7.
O-O Nc6 8. d5 Ne7 9. Ne1 Nd7 10.
f3 f5 11. g4 Nf6 12. Nd3 b6 13. Be3 Bb7 14. a4 a6 15. Nf2 Kh8 16. b4 a5 17.
bxa5 Rxa5 18. Nb5 Nd7 19. Bd2 Ra8 20. a5 Nc5 21. axb6 cxb6 22. Rxa8 Bxa8 23. Qa1 Bb7 24. Qa7 Nc8 25. Qb8 Rf7 26. gxf5 Na6 27. Nxd6 Rd7 28. Nxb7 Qf8 29. Qa8 Nc7 30. Qa4 b5 31. cxb5 gxf5 32.
Bb4 Qg8 33. Kh1 Ne8 34. Nc5 Ra7 35. Qb3 Bh6 36. Ne6 Nf6 37. exf5 Nh5 38. Ng4 Bf4 39. Bc3 h6 40. Rg1 Qf7 41. Nxe5 Qxf5 42. Ng6+ Kg8 43. Nh4+ Qg5 44. Nxg5 hxg5 45. Ng6 Rh7 46. d6+ Rf7 47.
Nxf4 g4 48. Bc4 1-0

[Event "*** Titled Tuesday Blitz"]
[Site "Chess.com"]
[Date "2021.02.16"]
[Round "6"]
[White "Problematique_99"]
[Black "A-S-00"]
[Result "1-0"]
[WhiteElo "2449"]
[BlackElo "2302"]
[TimeControl "180+1"]
[EndTime "11:08:55 PST"]
[Termination "Problematique_99 won by resignation"]

1. e4 c5 2. Nc3 e6 3. f4 Nc6 4. Nf3 Nge7 5. d4 cxd4 6. Nxd4 d5 7. Nxc6 bxc6 8. Bd3 g6 9. O-O Bg7 10. Kh1 O-O 11.
Bd2 c5 12. e5 Bb7 13. b3 f6 14. exf6 Rxf6 15. Qe2 Rc8 16. Rad1 Qd7 17. Bb5 Qc7 18. Na4 Nf5 19. Ba6 Bxa6 20. Qxa6 Nd6 21. Bc3 d4 22. Ba5 Qd7 23. c3 Ne4 24. cxd4 Rc6 25. Qe2 Qd5 26.
dxc5 Qf5 27. Rd8+ Rf8 28. Rxf8+ Bxf8 29. Re1 Nf6 30. g3 Qd5+ 31. Qg2 Nd7 32. Qxd5 exd5 33. Bb4 Kf7 34. Kg2 Nf6 35. Kf3 Ne4 36. Rd1 Ke6 37. Rc1 h6 38. h4 h5 39. Ba3 Bg7 40. Bb2 Bxb2 41. Nxb2 Nf6 42. Nd3 Kf5 43. Nb4 Rc7 44.
c6 Ng4 45. Nxd5 Rc8 46. Ne7+ 1-0

[Event "*** Titled Tuesday Blitz"]
[Site "Chess.com"]
[Date "2021.02.16"]
[Round "6"]
[White "milenapn"]
[Black "Chernov_Alexander_A"]
[Result "1-0"]
[WhiteElo "2121"]
[BlackElo "2280"]
[TimeControl "180+1"]
[EndTime "11:08:56 PST"]
[Termination "milenapn won by resignation"]

1. e4 c6 2. d4 d5 3. Nc3 dxe4 4. Nxe4 Bf5 5. Ng3 Bg6 6. h4 h6 7. h5 Bh7 8. Nf3 Nd7 9. Bd3 Bxd3 10. Qxd3 Qc7 11. Bd2 O-O-O 12. O-O-O Ngf6 13. Kb1 e6 14. Ne4 Be7 15. c4 Rhe8 16. Bc3 Nxe4 17. Qxe4 Nf6 18.
Qe2 Bd6 19. Ne5 c5 20. f4 a6 21. g4 Ng8 22. g5 f6 23. dxc5 Bxc5 24. Rxd8+ Qxd8 25. Ng6 Qc7 26. gxf6 Nxf6 27. Ne5 Bd6 28. Rg1 Re7 29. b4 Bxe5 30. Bxe5 Qc6 31. Bxf6 gxf6 32. Rg6 f5 33. Rxh6 Qh1+ 34. Kb2 Qh3 35. Rxe6 Rd7 36. Re8+ Rd8 37. Rxd8+ Kxd8 38. Qd2+ Kc7 39. Qe2 Qh4 40. Qe5+ Kc6 41. Qxf5 Qf2+ 42. Kb3 Qe3+ 43. Ka4 b5+ 44. cxb5+ axb5+ 45. Qxb5+ Kc7 46. Qc5+ 1-0

[Event "*** Titled Tuesday Blitz"]
[Site "Chess.com"]
[Date "2021.02.16"]
[Round "6"]
[White "harlem4brew"]
[Black "Sokoloco"]
[Result "0-1"]
[WhiteElo "2306"]
[BlackElo "2455"]
[TimeControl "180+1"]
[EndTime "11:08:57 PST"]
[Termination "Sokoloco won by checkmate"]

1. e4 g6 2. Nf3 Bg7 3. d4 d6 4. Nc3 a6 5. Be3 b5 6. a3 Bb7 7. Bd3 Nd7 8. O-O c5 9. Qd2 e5 10. d5 Ne7 11. Bh6 O-O 12. Bxg7 Kxg7 13. Qg5 h6 14.
Qg3 c4 15. Be2 f5 16. Nh4 f4 17. Qh3 Bc8 18. Bg4 Nc5 19. Rfe1 g5 20. Nf5+ Nxf5 21. exf5 Qf6 22. a4 b4 23. Ne4 Nxe4 24. Rxe4 h5 25.
Bxh5 Bxf5 26. Qf3 Bxe4 27. Qxe4 Rac8 28. Bg4 Rc5 29. Be6 Qg6 30. Qe2 f3 31. gxf3 Rf4 32.
Re1 Qf6 33. Kg2 Rh4 34. Qe3 Qf4 35. Qxf4 gxf4 36. Re4 Kf6 37. Bc8 a5 38. Ba6 c3 39.
bxc3 Rxc3 40. Bd3 Rc7 41. Bc4 Rg7+ 42. Kf1 Rxh2 43. Bb3 Rh1+ 44. Ke2 Rc7 45. Kd3 Rc3+ 46. Ke2 Ra1 47. Kd2 Rxf3 48. Ke2 Rc3 49. f3 Rh1 50.
Kf2 Rh2+ 51. Kg1 Rd2 52. Re1 Rxf3 53. Bc4 Rff2 54. Bd3 Rg2+ 55. Kh1 Rh2+ 56. Kg1 Rdg2+ 57. Kf1 Rh1+ 58. Kxg2 Rxe1 59. Kf3 Ra1 60. Bb5 Re1 61. Bd3 Re3+ 62. Kf2 Kg5 63. Bh7 e4 64. Bg8 Kf6 65.
Be6 Ke5 66. Bd7 Rc3 67. Bb5 Rxc2+ 68. Kg1 f3 69. Bf1 Kf4 70. Bh3 Kg3 71. Bf1 Rc1 72.
Kh1 Rxf1# 0-1

[Event "*** Titled Tuesday Blitz"]
[Site "Chess.com"]
[Date "2021.02.16"]
[Round "6"]
[White "TimofeevAr"]
[Black "Mr_Heisenberg13"]
[Result "1-0"]
[WhiteElo "2884"]
[BlackElo "2695"]
[TimeControl "180+1"]
[EndTime "11:08:58 PST"]
[Termination "TimofeevAr won by resignation"]

1. c4 Nf6 2. Nc3 e6 3. e3 d5 4.
Nf3 c6 5. d4 Nbd7 6. Be2 Bd6 7.
O-O O-O 8. b3 b6 9. Bb2 Bb7 10.
Qc2 c5 11. Rad1 cxd4 12. Nxd4 Rc8 13. h3 Bb8 14. Nf3 Ne5 15. Qb1 Qe7 16. cxd5 exd5 17. Nd4 Rfd8 18. Qf5 Ng6 19. Nf3 Re8 20. Bb5 Red8 21.
Ne2 Ne4 22. Ned4 Ne5 23. Nxe5 Qxe5 24. Qxe5 Bxe5 25. Rc1 h6 26. Rfd1 Bf6 27. Bd3 h5 28. Kf1 Rc5 29. b4 Rxc1 30. Rxc1 Nd2+ 31. Ke2 Nc4 32. Bc3 Rc8 33. b5 Kh8 34. Nb3 Bxc3 35. Rxc3 g6 36. f3 Kg7 37. Bxc4 dxc4 38. Nd2 Bd5 39.
e4 Be6 40. Ke3 Kf6 41. a4 Rc5 42. f4 Ke7 43. Nf3 a6 44. bxa6 Ra5 45. Nd4 Rxa4 46. a7 Kf6 47. Nb5 Ra5 48. Ra3 Rxb5 49. a8=Q Rb2 50.
Qd8+ Kg7 51. Qd4+ 1-0

[Event "*** Titled Tuesday Blitz"]
[Site "Chess.com"]
[Date "2021.02.16"]
[Round "6"]
[White "AsaHoffmann"]
[Black "Aradhya2000"]
[Result "1/2-1/2"]
[WhiteElo "2367"]
[BlackElo "2574"]
[TimeControl "180+1"]
[EndTime "11:08:58 PST"]
[Termination "Game drawn - insufficient material"]

1. d4 d5 2. Bg5 h6 3. Bh4 c5 4. e3 Nc6 5. c3 Qb6 6. b3 g5 7.
Bg3 Bg7 8. Bd3 cxd4 9. exd4 Nxd4 10. Ne2 Nc6 11. O-O Nf6 12. Nd2 O-O 13. c4 Be6 14.
Rc1 Rad8 15. c5 Qa5 16. a4 Ne4 17. Nf3 Nxc5 18. Bb5 Ne4 19. Bxc6 bxc6 20. Rxc6 Rc8 21. Nfd4 Qd2 22. Ra6 Qxd1 23. Rxd1 Nxg3 24. hxg3 Rc7 25.
Nxe6 fxe6 26. Rxe6 d4 27. Rd3 Rd8 28. f4 Kf7 29.
Re4 gxf4 30. gxf4 Rc2 31. Kf2 Rd6 32. Kf3 Rb2 33. g4 Bf6 34. Ng3 Rb6 35. g5 hxg5 36.
fxg5 R6xb3 37. Rxb3 Rxb3+ 38. Kg4 Bg7 39. Nf5 Rb4 40.
Nxg7 Kxg7 41. Rxe7+ Kg6 42. Rd7 d3+ 43. Kf3 Rxa4 44.
Rxd3 Kxg5 45. Ke2 Kf4 46. Rd7 Ke4 47. Kd2 Rd4+ 48. Rxd4+ Kxd4 49. Kc2 Kc4 50. Kb2 Kb4 51. Ka2 a6 52. Kb2 a5 53. Ka2 Kc3 54. Ka3 Kc4 55. Ka4 Kd3 56. Kxa5 1/2-1/2

[Event "*** Titled Tuesday Blitz"]
[Site "Chess.com"]
[Date "2021.02.16"]
[Round "6"]
[White "Jospem"]
[Black "EugeneRougon"]
[Result "1-0"]
[WhiteElo "3013"]
[BlackElo "2737"]
[TimeControl "180+1"]
[EndTime "11:08:59 PST"]
[Termination "Jospem won on time"]

1. e4 e6 2. d4 d5 3. Nc3 Bb4 4. e5 c5 5. a3 Bxc3+ 6. bxc3 Ne7 7. Nf3 b6 8. Bb5+ Bd7 9. a4 Bxb5 10. axb5 Qd7 11. Qe2 c4 12. Rb1 a6 13. bxa6 Rxa6 14. O-O Nbc6 15. Ng5 h6 16. Nh3 Ra2 17. f4 Qa7 18.
Nf2 Qa4 19. Rb2 Rxb2 20. Bxb2 Kd7 21. Nd1 h5 22. Ne3 g6 23. Ra1 Qb5 24. Nd1 Nf5 25. g3 Rb8 26. Qe1 Rb7 27. h3 Ra7 28. Rxa7+ Nxa7 29. g4 hxg4 30. hxg4 Ne7 31. Ba3 Nac6 32. Bxe7 Nxe7 33.
Ne3 Qb2 34. Kf2 b5 35. Kg3 b4 36. cxb4 Qxd4 37. b5 g5 38. Ng2 Ng6 39. fxg5 Nxe5 40. Nf4 c3 41. b6 Nc4 42. b7 Kc7 43. g6 Qf6 44. gxf7 Qxf7 45. Nxe6+ Kb8 46. Nf4 Kxb7 47.
Qxc3 Qe7 48. Qb3+ Kc6 49. Qd3 1-0

[Event "*** Titled Tuesday Blitz"]
[Site "Chess.com"]
[Date "2021.02.16"]
[Round "6"]
[White "Tactictic"]
[Black "catzapto"]
[Result "1-0"]
[WhiteElo "2412"]
[BlackElo "2096"]
[TimeControl "180+1"]
[EndTime "11:08:59 PST"]
[Termination "Tactictic won on time"]

1. e4 c5 2. Nf3 e6 3. d4 cxd4 4. Nxd4 Nf6 5. Nc3 Bb4 6. e5 Nd5 7. Qg4 g6 8. Nb5 a6 9. Nd6+ Bxd6 10. exd6 Nxc3 11. Qd4 O-O 12. Qxc3 f6 13. Be3 Nc6 14. Be2 Qa5 15. Qxa5 Nxa5 16. O-O b5 17. a4 bxa4 18.
Rxa4 Nc6 19. b4 Bb7 20. Rfa1 e5 21. Bc4+ Kg7 22. c3 e4 23. Bxa6 Bxa6 24. Rxa6 Rxa6 25. Rxa6 Kf7 26. b5 Ne5 27. b6 Nc4 28. Bc5 Ke6 29.
b7 Rb8 30. Ra7 Kd5 31. Bb4 Nxd6 32. Ra5+ Kc6 33. Ra6+ Kb5 34. Rxd6 Rxb7 35. h4 f5 36. Rd5+ Kc4 37. Rd4+ Kb3 38. g4 Ra7 39. h5 Kc2 40. hxg6 hxg6 41. Rd6 f4 42. Rxg6 e3 43. fxe3 fxe3 44.
Kf1 Ra1+ 45. Ke2 Rb1 46. Kxe3 d5 47. Kd4 Rd1+ 48. Kc5 d4 49. cxd4 Kb3 50. d5 Rc1+ 51. Kb5 Rc4 52. Be7 Rd4 53. d6 Rd5+ 54. Kc6 1-0

[Event "*** Titled Tuesday Blitz"]
[Site "Chess.com"]
[Date "2021.02.16"]
[Round "6"]
[White "eldur16"]
[Black "Kurkusha"]
[Result "0-1"]
[WhiteElo "2493"]
[BlackElo "2367"]
[TimeControl "180+1"]
[EndTime "11:09:01 PST"]
[Termination "Kurkusha won on time"]

1. Nf3 d5 2. g3 Nd7 3. Bg2 Nb6 4. O-O Bf5 5. d3 Nf6 6. Nbd2 e6 7. b3 Be7 8. Bb2 h6 9. Re1 O-O 10. e4 dxe4 11. dxe4 Bh7 12. Qe2 a5 13. a3 a4 14.
b4 Qc8 15. c4 c5 16. b5 Rd8 17. e5 Bd3 18. Qe3 Nh7 19. Rac1 Qc7 20. h4 Rd7 21.
Qf4 Rad8 22. Bc3 Nf8 23. h5 Nh7 24. Ba5 Ng5 25. Nh2 Ra8 26. Bc3 Rad8 27. Ng4 Rd4 28. Bxd4 Rxd4 29. Qe3 Nxc4 30. Nxc4 Bxc4 31. f4 Nh7 32.
Bf1 Bxf1 33. Qxd4 Bxb5 34. Qe3 c4 35. Kh2 Bc5 36. Qd2 Bxa3 37. Rc2 Bf8 38. Ne3 Ba6 39. Rd1 b5 40. Qd8 Qc5 41. Qd4 Qc6 42. Ng2 Bb7 43. Qd7 Qf3 44. Rd6 Qxh5+ 45. Kg1 Be4 46. Rf2 c3 47. Qc8 c2 48. Rxc2 Bxc2 49. Qxc2 Bxd6 50. exd6 Qd5 0-1

[Event "*** Titled Tuesday Blitz"]
[Site "Chess.com"]
[Date "2021.02.16"]
[Round "6"]
[White "Alexander_Zubov"]
[Black "German_Bazeev"]
[Result "0-1"]
[WhiteElo "2986"]
[BlackElo "2743"]
[TimeControl "180+1"]
[EndTime "11:09:02 PST"]
[Termination "German_Bazeev won by checkmate"]

1. e4 c6 2. d4 d5 3. e5 Na6 4. c3 Nc7 5. Bd3 g6 6. Nf3 Bg7 7. O-O Nh6 8. h3 O-O 9. Bf4 f6 10. Nbd2 Nf7 11. Re1 Ne6 12. Bh2 f5 13. Qc2 Nfg5 14.
c4 Ne4 15. Nb3 Bh6 16. Rad1 Bd7 17. a4 Rc8 18. a5 g5 19. Nfd2 b5 20. c5 Nf4 21. Bf1 g4 22. hxg4 fxg4 23. Nxe4 dxe4 24. Nd2 Bf5 25. Nxe4 Nd5 26. Qb3 Be6 27. Qg3 Kh8 28. Qh4 Kg7 29. Be2 Qd7 30. Bd3 Rf7 31. Ng5 Bxg5 32. Qxg5+ Kh8 33. Qh6 Rg8 34. Bg3 Rgg7 35.
Be4 Kg8 36. Rf1 Bf5 37. Rfe1 Bxe4 38. Rxe4 Qf5 39. Rde1 e6 40. Qh4 Rg6 41. Qd8+ Rf8 42.
Qd6 Qf7 43. Qxc6 h5 44. Bh4 g3 45. fxg3 Qf2+ 46. Kh2 Qxb2 47. Qd6 Qd2 48. c6 Nf4 49. Rxf4 Rxf4 50. c7 Rxh4+ 51. Kg1 Qxe1# 0-1

[Event "*** Titled Tuesday Blitz"]
[Site "Chess.com"]
[Date "2021.02.16"]
[Round "6"]
[White "HackingKid98"]
[Black "Zubrrr"]
[Result "0-1"]
[WhiteElo "2467"]
[BlackElo "2636"]
[TimeControl "180+1"]
[EndTime "11:09:02 PST"]
[Termination "Zubrrr won by checkmate"]

1. Nf3 f5 2. d4 Nf6 3. g3 g6 4.
Bg2 Bg7 5. O-O O-O 6. Nbd2 d6 7. Re1 Nc6 8. e4 e5 9. dxe5 dxe5 10. Qe2 f4 11. c3 Kh8 12. Nc4 Nh5 13. b3 Be6 14. Ba3 Rf7 15. Rad1 Qf6 16. Rd5 fxg3 17. fxg3 Bxd5 18.
exd5 b5 19. Ncxe5 Nxe5 20. Nxe5 Qxe5 21. Qxe5 Bxe5 22. Rxe5 Rd8 23. c4 bxc4 24. bxc4 Rb8 25. Bh3 Ng7 26. c5 Rf3 27. Bc1 Rc3 28. Re1 Rb1 29. Bd2 Rxe1+ 30. Bxe1 Rxc5 31. Bg2 Kg8 32. Kf2 Rc2+ 33. Kf3 Rxa2 34. Bb4 Nf5 35. Bh3 Rxh2 36. Bg4 h5 37. Bxf5 gxf5 38. Kf4 Rf2+ 39. Ke5 Kf7 40. Ba5 Rc2 41. Kxf5 Rc5 42. Bb4 Rxd5+ 43. Ke4 Ke6 44. Be1 a5 45. Bf2 a4 46. Kf4 Rf5+ 47. Ke3 Rxf2 48. Kxf2 a3 49. Kg2 a2 50. Kh3 a1=Q 51.
Kh4 Kf5 52. Kh3 Qh1# 0-1

[Event "*** Titled Tuesday Blitz"]
[Site "Chess.com"]
[Date "2021.02.16"]
[Round "6"]
[White "Kale36"]
[Black "MF1966Idrisov"]
[Result "1/2-1/2"]
[WhiteElo "2226"]
[BlackElo "2365"]
[TimeControl "180+1"]
[EndTime "11:09:02 PST"]
[Termination "Game drawn by repetition"]

1. b3 d6 2. Bb2 e5 3. e3 Nf6 4. d4 exd4 5. Qxd4 Be7 6. Nf3 Nc6 7. Bb5 Bd7 8. Bxc6 Bxc6 9. c4 Bxf3 10. gxf3 Qd7 11.
Nc3 O-O-O 12. Qxa7 Qc6 13. e4 b6 14. O-O-O Qb7 15. Qa4 Kb8 16. Rhg1 Rhg8 17. Nd5 Nxd5 18. cxd5 g6 19. Kb1 Rgf8 20. f4 f5 21. e5 dxe5 22. Bxe5 Bd6 23. Qc6 Rf7 24. Bxd6 Qxc6 25. dxc6 Rxd6 26. Rxd6 cxd6 27. b4 b5 28. a4 bxa4 29.
b5 Kc7 30. Ka2 Kb6 31. Rc1 Rc7 32. Rb1 d5 33. Ka3 d4 34. Kxa4 Rc8 35. Rd1 Rd8 36.
Kb4 Rd5 37. Kc4 Rxb5 38. Rxd4 Rc5+ 39. Kd3 Rxc6 40. Rd7 h5 41. Kd4 Rc2 42. Rd6+ Kc7 43. Rxg6 Rxf2 44. Ke5 Rxh2 45. Kxf5 Kd7 46. Rg7+ Ke8 47.
Kf6 h4 48. f5 Rh1 49. Rg8+ Kd7 50. Kf7 h3 51. f6 h2 52. Rh8 Kc7 53. Rh3 Kd7 54. Rd3+ Kc7 55. Rd2 Kc8 56. Re2 Kd7 57. Rd2+ Kc7 58. Re2 Kd7 59. Rd2+ Kc7 60. Re2 Kd7 1/2-1/2

[Event "*** Titled Tuesday Blitz"]
[Site "Chess.com"]
[Date "2021.02.16"]
[Round "6"]
[White "EdmundPlayer"]
[Black "EnergeticHay"]
[Result "1-0"]
[WhiteElo "2190"]
[BlackElo "2347"]
[TimeControl "180+1"]
[EndTime "11:09:02 PST"]
[Termination "EdmundPlayer won on time"]

1. e4 c5 2. Nf3 d6 3. d4 cxd4 4.
Nxd4 Nf6 5. Nc3 a6 6. h3 e5 7. Nde2 h5 8. g3 Be6 9. Bg2 Be7 10. O-O b5 11. Bg5 Nbd7 12. a3 O-O 13. Qd2 Rc8 14. Rad1 Qc7 15. f4 Bc4 16. Rf2 Qc5 17. f5 Rfd8 18. Nc1 Qc7 19. Nd3 Nc5 20. Nb4 a5 21.
Nd3 Nxd3 22. cxd3 Bb3 23. Re1 b4 24. axb4 axb4 25. Ne2 Qc2 26. Qxb4 Rb8 27. Qc3 Rdc8 28. Qxc2 Rxc2 29. Nc3 Rxf2 30. Kxf2 Bc2 31. Ke3 Rxb2 32. Ra1 Bxd3 33. Kxd3 Rxg2 34. Ne2 Kh7 35. Ra7 Nd5 36.
Bxe7 Nb4+ 37. Ke3 Nc2+ 38. Kf3 Ne1+ 39. Ke3 Nc2+ 40. Kd3 Ne1+ 41. Kd2 Nf3+ 42. Ke3 Ne1 43. Bxd6 Nc2+ 44. Kd2 Nd4 45. Kd3 Nxe2 46. Bxe5 1-0

[Event "*** Titled Tuesday Blitz"]
[Site "Chess.com"]
[Date "2021.02.16"]
[Round "6"]
[White "JiiHart"]
[Black "TokChess"]
[Result "0-1"]
[WhiteElo "2120"]
[BlackElo "2385"]
[TimeControl "180+1"]
[EndTime "11:09:03 PST"]
[Termination "TokChess won on time"]

1. e4 d6 2. d4 Nf6 3. Nc3 Nbd7 4. Be2 e5 5. Nf3 Be7 6. O-O O-O 7. h3 a6 8. a4 b6 9. Be3 Bb7 10. d5 c6 11.
dxc6 Bxc6 12. Bd3 Qc7 13. Re1 Rfd8 14. Qe2 Qb7 15. b4 Nxe4 16. Nxe4 Bxe4 17. Ng5 Bxd3 18. Qxd3 Nf6 19. Bd2 h6 20. Ne4 d5 21. Ng3 e4 22.
Qd4 Bf8 23. Nf5 Qc6 24. b5 Qe6 25. g4 Bc5 26. Qb2 a5 27. Bc3 Bf8 28. Rad1 Rac8 29. Bxf6 Qxf6 30. Qxf6 gxf6 31. Ne3 d4 32. Nf5 Rxc2 33.
Rxe4 d3 34. Re3 d2 35. Kf1 Bc5 36. Rb3 Rc1 37. Ke2 Re8+ 38. Ne3 Bxe3 39. fxe3 Rc4 40. Rxd2 Rxa4 41. Rbd3 Rb4 42. Rd5 Re5 43. Rxe5 fxe5 44.
Rd5 f6 45. Kd3 Kg7 46. Kc3 Kg6 47. Rd6 Rb1 48. h4 Rxb5 49. Rd7 h5 0-1

[Event "*** Titled Tuesday Blitz"]
[Site "Chess.com"]
[Date "2021.02.16"]
[Round "6"]
[White "chesslh19"]
[Black "ChessSwole"]
[Result "0-1"]
[WhiteElo "2235"]
[BlackElo "2530"]
[TimeControl "180+1"]
[EndTime "11:09:04 PST"]
[Termination "ChessSwole won on time"]

1. e4 e5 2. Nf3 Nc6 3. Bb5 a6 4. Bxc6 dxc6 5. O-O Bd6 6. d4 exd4 7. Qxd4 f6 8. Be3 Be6 9. Nbd2 Ne7 10. Rad1 O-O 11.
Qc3 Qe8 12. Nc4 Rd8 13. Nxd6 cxd6 14. Qb4 Qd7 15. Bb6 Rde8 16. Rxd6 Qc8 17. Rdd1 Bg4 18. h3 Bxf3 19. Qb3+ Kh8 20. Qxf3 Ng6 21. Rfe1 Qe6 22. b3 Ne5 23. Qg3 f5 24. exf5 Qxf5 25. Bd4 Ng6 26. Bb2 Qxc2 27. Bc3 Qxa2 28. Kh2 Qc2 29. Ba1 Rxe1 30.
Rxe1 Qxf2 31. Qxf2 Rxf2 32. Re8+ Rf8 33. Re6 Kg8 34. h4 Nxh4 35. Re7 Nf5 36. Rxb7 h5 37. Rb6 c5 38. Rxa6 Rb8 39. Rc6 Rb5 40. Be5 Kf7 41. Bf4 Nd4 42. Rc7+ Kf6 43. Be3 Ne6 44. Rc6 Rxb3 45.
Bxc5 Kf5 46. Bd6 g5 47. Bg3 h4 48. Bd6 Rb2 49. Rc1 Nd4 50. Rf1+ Kg4 51. Be7 Nf5 52. Bd8 Ne3 53. Rg1 h3 54. Bc7 Nxg2 55. Kh1 Kh4 56. Bh2 g4 57. Rc1 Ne3 0-1

[Event "*** Titled Tuesday Blitz"]
[Site "Chess.com"]
[Date "2021.02.16"]
[Round "6"]
[White "SophieNikoladze"]
[Black "Walter_White_Poland"]
[Result "0-1"]
[WhiteElo "2184"]
[BlackElo "2355"]
[TimeControl "180+1"]
[EndTime "11:09:05 PST"]
[Termination "Walter_White_Poland won by resignation"]

1. d4 Nf6 2. Nf3 c5 3. e3 d5 4.
b3 cxd4 5. exd4 Nc6 6. Bb2 Bg4 7.
Nbd2 e6 8. a3 Be7 9. h3 Bxf3 10.
Qxf3 O-O 11. Bd3 a6 12. O-O b5 13. g3 Qb6 14. Qf4 h6 15. Nf3 a5 16. g4 Nh7 17. h4 b4 18. g5 h5 19. Ne5 Nxe5 20.
dxe5 g6 21. Qg3 Rfc8 22. Kg2 Nf8 23. f4 Nd7 24. a4 Nc5 25. Rf2 Nxd3 26. cxd3 Rc6 27.
Qf3 Rac8 28. f5 exf5 29. Qxd5 Rc2 30. Bd4 Rxf2+ 31. Bxf2 Rc2 32. d4 Qe6 33. Qa8+ Kh7 34. Re1 Qxb3 35. Qe8 Qa2 36. Rf1 Qe6 37. Qb5 f4 38.
Qd3 Qg4+ 39. Kh1 Re2 40. Qb3 f3 41. Qxf7+ Kh8 42. Qe8+ Kh7 43. Qxe7+ Kg8 44. Qe8+ Kg7 45. Qe7+ Kg8 46. Qd8+ Kg7 47. Qf6+ Kh7 48. Qf7+ Kh8 49. Qf8+ Kh7 50. Qh6+ Kg8 51. Qxg6+ Kh8 52. Qf6+ Kg8 53.
Qd8+ Kg7 54. Qd7+ Qxd7 0-1